 Dungeon Crawl Stone Soup version 0.29.1-15-g9cfb28693d (webtiles) character file.

Game seed: 1389601858064898747

1647 iSeeek the Cleaver (level 8, -1/66 HPs)
             Began as a Minotaur Berserker on Mar 9, 2023.
             Was a High Priest of Trog.
             Slain by a troll (9 damage)
             ... on level 6 of the Dungeon.
             The game lasted 00:46:34 (4783 turns).

iSeeek the Cleaver (Minotaur Berserker)             Turns: 4783, Time: 00:46:35

Health: -1/66      AC: 14    Str: 24    XL:     8   Next: 67%
Magic:  7/7        EV:  8    Int:  4    God:    Trog [*****.]
Gold:   412        SH:  0    Dex: 10    Spells: 7/7 levels left

rFire   + . .      SeeInvis .   H - +6 executioner's axe "Haidieq" {flame, *Noise +Blink rElec Will++}
rCold   + + .      Faith    .   (shield currently unavailable)
rNeg    . . .      Spirit   .   g - +4 chain mail {rC+}
rPois   .          Reflect  .   (helmet restricted)
rElec   +          Harm     .   B - scarf {rC+ rF+}
rCorr   .          Rampage  .   m - +0 pair of gloves
Will    +++..                   (no boots)
Stlth   ..........              (no amulet)
HPRegen 0.21/turn               F - ring of willpower
MPRegen 0.10/turn               (no ring)

@: no status effects
A: horns 2, retaliatory headbutt
a: Renounce Religion, Evoke Blink, Berserk, Trog's Hand, Brothers in Arms


You were on level 6 of the Dungeon.
You worshipped Trog.
Trog was extremely pleased with you.
You visited 1 branch of the dungeon, and saw 6 of its levels.
You also visited: Sewer and Ossuary.

You collected 412 gold pieces.

Inventory:

Hand Weapons
 a - a +0 hand axe
 r - a +3 vampiric war axe
 H - the +6 executioner's axe "Haidieq" (weapon) {flame, *Noise +Blink rElec Will++}
   (You acquired it on level 5 of the Dungeon)

   It burns those it strikes, dealing additional fire damage.
   Big, fiery blades are also staple armaments of hydra-hunters.
   rElec:     It insulates you from electricity.
   +Blink:    It lets you blink.
   *Noise:    It may make noises in combat.
   Will:      It greatly increases your willpower.
Missiles
 l - 63 stones (quivered)
 t - a throwing net
Armour
 b - a +0 animal skin
 e - a +0 kite shield
 f - a +0 leather armour
 g - a +4 chain mail of cold resistance (worn)
 m - a +0 pair of gloves (worn)
 B - a scarf of resistance (worn)
 G - a scarf of harm
Jewellery
 D - a ring of resist corrosion
 E - a ring of see invisible
 F - a ring of willpower (left hand)
Wands
 w - a wand of flame (17)
 z - a wand of iceblast (15)
Scrolls
 i - 2 scrolls of teleportation
 k - a scroll of magic mapping
 o - a scroll of acquirement
 q - 3 scrolls of enchant weapon
 u - 4 scrolls of identify
 v - a scroll of immolation
 y - a scroll of noise
 I - a scroll of butterflies {unknown}
Potions
 c - 2 potions of lignification {unknown}
 d - a potion of haste {unknown}
 h - a potion of curing
 j - 3 potions of flight {unknown}
 n - 2 potions of degeneration {unknown}
 p - 3 potions of brilliance {unknown}
 s - a potion of magic {unknown}
 x - 2 potions of mutation {unknown}
 A - a potion of attraction {unknown}
 C - 2 potions of invisibility {unknown}


   Skills:
 - Level 4.1 Fighting
 + Level 13.3 Axes
 - Level 2.6 Armour
 - Level 2.4 Dodging


You had 7 spell levels left.
You didn't know any spells.
Your spell library contained the following spells:

 Spells                   Type           Power      Damage    Failure   Level
 Portal Projectile        Hex/Tloc       0%         N/A       100%        3
 Tukima's Dance           Hex            0%         N/A       100%        3
 Blade Hands              Tmut           0%         N/A       100%        5


Dungeon Overview and Level Annotations

Branches:
Dungeon (6/15)              Sewer (visited)         Ossuary (visited)
 Temple: D:4-7

Altars:
Makhleb


Innate Abilities, Weirdness & Mutations

You have a pair of horns on your head.
You reflexively headbutt those who attack you in melee.


Message History

The adder barely misses you.
You barely miss the adder. You closely miss something.
Something hits you but does no damage. x2; The adder bites you.
You are poisoned.
The adder poisons you! Something hits you.
You barely miss the adder.
Your executioner's axe "Haidieq" recites a poem.
You miss something.
You feel sick.
You hear a shout!
You hear a bark!
You hear an angry buzzing noise.
You hear a shout!
Something hits you. The adder bites you. Something hits you.
The adder bites you but does no damage.
You slice the adder like a ripe choko!!!
You burn the adder.
You kill the adder!
Trog accepts your kill.
You miss something.
You feel sick. Something hits you but does no damage. Something hits you.
A killer bee comes into view.
Something hits you but does no damage.
The killer bee moves out of view.
You are too injured to fight recklessly!
You are too injured to fight recklessly!
You are too injured to fight recklessly!
You barely miss something. You closely miss something.
You feel sick. Something hits you.
The shadow strikes at you from the darkness!
* * * LOW HITPOINT WARNING * * *
Reactivating autopickup.
An ice beast comes into view.
A troll comes into view.
You hit the shadow but do no damage. Your headbutt misses the shadow.
You hit the troll. You burn the troll.
You feel sick. The shadow hits you.
* * * LOW HITPOINT WARNING * * *
The troll bites you but does no damage. The troll claws you but does no damage.
The troll claws you.
* * * LOW HITPOINT WARNING * * *
The shadow hits you.
You fail to use your ability.
You feel sick.
You are no longer poisoned.
The troll bites you!
You die...

#. ....# ... ....
## ..## .Y.. ###.
#.. #y..## ##...
#..#.. ..
#####..## #.#.#
#.## #........
#TW#
#..###.##....#
#@# #.##..#..#.##
#.####.......#..#
#...)..[..####.##
#..######### .#
#..## ..# #..# ..
#..# ## #..# #.
... #.


You could see a troll, an ice beast, a shadow and a killer bee.

Vanquished Creatures
  Edmund (D:6)
  2 water moccasins (D:5)
  A black bear (D:5)
  An ice beast (D:5)
  A phantom (D:5)
  A bullfrog (Sewer)
  2 necrophages
  3 scorpions
  The ghost of Sapher the Digger, a weakling MeEE (D:4)
  A bullfrog zombie (Ossuary)
  A gnoll bouda (D:4)
  An orc priest (D:4)
  A jelly (D:6)
  Jessica (D:3)
  2 iguanas
  4 mummies
  9 gnolls
  20 adders
  2 worms
  5 dart slugs
  16 orcs
  13 ball pythons
  8 bats
  4 endoplasms
  11 giant cockroaches
  9 goblins
  7 hobgoblins
  5 jackals (D:4)
  13 quokkas
  10 frilled lizards
  5 kobolds
  8 rats
169 creatures vanquished.

Vanquished Creatures (others)
  A fungus (D:2)
  4 plants (D:1)
  2 withered plants (Ossuary)
7 creatures vanquished.

Grand Total: 176 creatures vanquished

Notes
Turn   | Place    | Note
-------+----------+-------------------------------------------
     0 | D:1      | iSeeek the Minotaur Berserker began the quest for the Orb.
     0 | D:1      | Reached XP level 1. HP: 19/19 MP: 0/0
   301 | D:1      | Reached skill level 4 in Axes
   301 | D:1      | Reached XP level 2. HP: 21/27 MP: 1/1
   468 | D:1      | You fall into a shaft and drop 1 floor!
  1074 | D:2      | Reached ** piety under Trog
  1111 | D:2      | Found a faded altar of an unknown god.
  1205 | D:2      | Reached XP level 3. HP: 31/33 MP: 2/2
  1886 | D:2      | Reached skill level 5 in Axes
  1893 | D:2      | Reached XP level 4. HP: 40/40 MP: 3/3
  2092 | D:3      | Reached skill level 6 in Axes
  2282 | D:3      | Reached XP level 5. HP: 40/46 MP: 4/4
  2479 | D:3      | Noticed Jessica
  2484 | D:3      | Killed Jessica
  2636 | D:4      | Reached *** piety under Trog
  2637 | D:4      | Reached skill level 7 in Axes
  2745 | D:4      | Reached XP level 6. HP: 52/52 MP: 5/5
  2748 | D:4      | Reached skill level 8 in Axes
  2991 | D:4      | Found a runed translucent gate.
  2991 | D:4      | Identified the +7 hand axe of Ofapti Reewk {pain, Will+}
  2991 | D:4      | Noticed Sapher's ghost (weakling MeEE)
  2993 | D:4      | Found a runed translucent gate.
  2994 | D:4      | Found a runed translucent gate.
  3022 | D:4      | Killed Sapher's ghost
  3122 | D:4      | Reached skill level 9 in Axes
  3222 | D:4      | Reached XP level 7. HP: 59/59 MP: 6/6
  3224 | D:4      | Reached **** piety under Trog
  3340 | D:5      | Entered Level 5 of the Dungeon
  3353 | D:5      | Reached skill level 10 in Axes
  3354 | D:5      | Found a sand-covered staircase.
  3361 | Ossuary  | Entered an ossuary
  3605 | D:5      | Found a glowing drain.
  3633 | D:5      | Reached skill level 11 in Axes
  3656 | D:5      | Reached XP level 8. HP: 63/66 MP: 7/7
  3683 | D:5      | Reached skill level 12 in Axes
  3713 | Sewer    | Entered a sewer
  4249 | D:5      | Found a burning altar of Makhleb.
  4483 | D:5      | Identified 2 scrolls of acquirement
  4483 | D:5      | Acquired the +6 executioner's axe "Haidieq" {flame, *Noise
                  | +Blink rElec Will++}
  4614 | D:6      | Reached ***** piety under Trog
  4756 | D:6      | Noticed Edmund
  4762 | D:6      | Killed Edmund
  4763 | D:6      | Reached skill level 13 in Axes
  4781 | D:6      | Noticed a troll
  4783 | D:6      | Slain by a troll

Illustrated notes

Levels and vault maps discovered:
D:1:      denvon_arrival_planthouse, layout_basic,
          chequers_serial_rivers_small_a, corexii_hall_statues_x
D:2:      layout_basic, shapermc_ecumenical_altar_acropolis, serial_aquarium,
          aquarium_bridge_square [aquarium_subvault_balcony,
          aquarium_subvault_bridge, aquarium_subvault_bridge,
          aquarium_subvault_bridge], aquarium_bridge_square
          [aquarium_subvault_window, aquarium_subvault_bridge,
          aquarium_subvault_bridge, aquarium_subvault_bridge],
          aquarium_window_fake, aquarium_window_corridor_1,
          aquarium_window_fake, aquarium_view_2a, aquarium_view_2c,
          aquarium_pool_double
D:3:      minmay_chambers_of_twos, layout_rooms, uniq_jessica
D:4:      minmay_spotlight, layout_rooms, biasface_ghost_orc_armoury
D:5:      layout_basic, mainiacjoe_overflow_tiny_flanked,
          cheibrodos_sewer_entry_drain, enter_ossuary_3
D:6:      layout_rooms, minmay_manual_mail, uniq_edmund

Skill      XL: |  1  2  3  4  5  6  7  8 |
---------------+-------------------------+-----
Axes           | 4 5 6 7 9 11 13 | 13.3
Fighting       | 4 |  4.1
Armour         | |  2.6
Dodging        | |  2.4

Action                   |  1- 3 |  4- 6 |  7- 9 || total
-------------------------+-------+-------+-------++-------
Melee: Hand axe          |    69 |       |       ||    69
       Headbutt          |    14 |    20 |    20 ||    54
       War axe           |    10 |   143 |   162 ||   315
       Executioner's axe |       |       |    24 ||    24
Invok: Berserk           |       |     2 |     2 ||     4
       Trog's Hand       |       |       |     2 ||     2
  Use: Potion            |       |       |     1 ||     1
       Scroll            |       |       |     9 ||     9
Armor: Chain mail        |    52 |   111 |   125 ||   288
       Leather armour    |     3 |       |       ||     3
       Animal skin       |     2 |       |       ||     2
Dodge: Dodged            |    31 |    40 |    53 ||   124
Block: Kite shield       |    26 |    42 |    36 ||   104
